 Dungeon Crawl Stone Soup version 5.2-4-g6121e92 (webtiles) character file.

169 tehllama the Skirmisher (level 6, 0/52 HPs)
             Began as a Draconian Skald on Nov 22, 2017.
             Was a Follower of Sif Muna.
             Hit by a stone thrown by an orc (2 damage)
             ... on level 4 of the Dungeon.
             The game lasted 00:10:25 (3564 turns).

tehllama the Skirmisher (Draconian Skald)           Turns: 3564, Time: 00:10:25

Health: 0/52       AC:  7 (0%)Str: 18   XL:     6   Next: 74%
Magic:  7/7        EV: 12    Int: 14    God:    Sif Muna [1*[46]]
Gold:   247        SH:  0    Dex: 10    Spells: 1/11 levels left

rFire    . . .     SeeInvis .   a - +0 mace
rCold    . . .     Faith    .   (no shield)
rNeg     . . .     Spirit   .   (armour unavailable)
rPois    .         Reflect  .   (helmet restricted)
rElec    .                      (no cloak)
rCorr    .                      (no gloves)
MR       +....                  c - +0 pair of boots
Stlth    +.........             (no amulet)
Regen    0.2/turn               l - +3 ring of strength
MPRegen  0.2/turn               j - ring of protection from magic

@: no status effects
A: unfitting armour, cold-blooded, AC +6
a: Stop Singing, End Infusion, Divine Energy, Renounce Religion


You were on level 4 of the Dungeon.
You worshipped Sif Muna.
Sif Muna was aware of your devotion.
You were not hungry.

You visited 1 branch of the dungeon, and saw 4 of its levels.

You collected 247 gold pieces.

Inventory:

Hand Weapons
 a - a +0 mace (weapon)
Missiles
 b - 671 stones (quivered)
 h - 92 bolts
 m - 155 arrows
Armour
 c - a +0 pair of boots (worn)
 d - a +0 buckler
Jewellery
 e - a +3 ring of protection
 j - a ring of protection from magic (right hand)
 l - a +3 ring of strength (left hand)
 p - a +3 ring of strength
Scrolls
 f - a scroll of enchant armour
 g - a scroll of amnesia
 i - a scroll of enchant weapon
 k - a scroll of magic mapping
Potions
 n - 2 potions of cancellation
 o - a potion of haste
 q - a potion of flight


   Skills:
 + Level 3.7 Fighting
 + Level 2.8 Maces & Staves
 + Level 2.3 Dodging
 + Level 1.6 Shields
 + Level 3.0 Spellcasting
 * Level 3.6 Charms
 + Level 2.2 Necromancy
 * Level 2.6 Ice Magic


You had one spell level left.
You knew the following spells:

 Your Spells              Type           Power        Failure   Level  Hunger
a - Infusion              Chrm           12 (25)      4%          1    N/A
b - Song of Slaying       Chrm           12 (100)     8%          2    N/A
c - Regeneration          Chrm/Necr      10 (200)     19%         3    N/A
d - Ozocubu's Armour      Chrm/Ice       10 (100)     52%         4    N/A

Dungeon Overview and Level Annotations

Branches:
Dungeon (4/15)

Altars:
Dithmenos
Elyvilon
Kikubaaqudgha
Okawaru
Qazlal
Sif Muna

Annotations:
D:4 Grinder


Innate Abilities, Weirdness & Mutations

Your plain brown scales are hard. (AC +6)
Your body does not fit into most forms of armour.
You are cold-blooded and may be slowed by cold attacks.


Message History

o - a potion of haste
* * * LOW HITPOINT WARNING * * *
You feel sick.
The orc shouts!
The orc throws a stone.
The stone hits you but does no damage.
* * * LOW HITPOINT WARNING * * *
You feel sick.
The orc throws a stone.
The stone closely misses you (0).
Found 7 gold pieces.
The orc throws a stone.
The stone hits you but does no damage.
* * * LOW HITPOINT WARNING * * *
You feel sick.
You are no longer poisoned.
Grinder gestures at you. You resist with almost no effort.
The orc throws a stone.
The stone misses you (0).
The orc throws a stone.
The stone misses you (0).
The orc throws a stone.
The stone hits you but does no damage.
Grinder blinks!
The orc throws a stone.
The stone closely misses you (0).
The orc throws a stone.
The stone hits you (2).
You die...

.. .## .# ....##
..#. ......#
..... ........##
##.....
..........##.....
..............#
#.........$@#
#..........##
#.........##
#........#
#...5...##
##..o..## #.....#
##....# ##.ยง.#


You could see Grinder and an orc.

Vanquished Creatures
  An ogre (D:4)
  2 scorpions
  A howler monkey (D:4)
  An orc priest (D:4)
  An orc wizard (D:4)
  2 hounds (D:4)
  A worker ant (D:3)
  An adder (D:3)
  2 dart slugs
  8 orcs
  8 quokkas
  4 giant cockroaches
  8 goblins
  6 hobgoblins
  2 jackals (D:3)
  5 kobolds
  7 bats
  A frilled lizard (D:2)
  7 rats
68 creatures vanquished.

Vanquished Creatures (others)
  A quokka (D:4)
1 creature vanquished.

Grand Total: 69 creatures vanquished

Notes
Turn   | Place    | Note
-------+----------+-------------------------------------------
     0 | D:1      | tehllama the Draconian Skald began the quest for the Orb.
     0 | D:1      | Reached XP level 1. HP: 17/17 MP: 3/3
   468 | D:1      | Reached XP level 2. HP: 25/25 MP: 2/4
  1011 | D:2      | Found a faded altar of an unknown god.
  1054 | D:2      | Found a deep blue altar of Sif Muna.
  1065 | D:2      | Reached XP level 3. HP: 21/30 MP: 3/5
  1154 | D:2      | Learned a level 2 spell: Song of Slaying
  1161 | D:2      | Learned a level 3 spell: Regeneration
  1175 | D:2      | Became a worshipper of Sif Muna the Loreminder
  1330 | D:2      | Found a shadowy altar of Dithmenos.
  1670 | D:2      | Reached skill level 1 in Ice Magic
  1788 | D:3      | Found an iron altar of Okawaru.
  1837 | D:3      | Reached * piety under Sif Muna
  2074 | D:3      | Noticed a scorpion
  2095 | D:3      | Killed a scorpion
  2095 | D:3      | Reached skill level 1 in Shields
  2095 | D:3      | Reached skill level 1 in Necromancy
  2095 | D:3      | Reached XP level 4. HP: 24/37 MP: 2/4
  2264 | D:3      | Found a stormy altar of Qazlal.
  2508 | D:3      | Reached XP level 5. HP: 45/45 MP: 2/5
  2865 | D:4      | Noticed an ogre
  2881 | D:4      | Killed an ogre
  3010 | D:4      | Reached XP level 6. HP: 29/51 MP: 3/7
  3331 | D:4      | Learned a level 4 spell: Ozocubu's Armour
  3399 | D:4      | Found a white marble altar of Elyvilon.
  3463 | D:4      | Found an ancient bone altar of Kikubaaqudgha.
  3465 | D:4      | Noticed Grinder
  3548 | D:4      | HP: 2/52 [poisoned by a scorpion]
  3556 | D:4      | HP: 1/52 [poisoned by a scorpion]
  3564 | D:4      | Hit by a stone thrown by an orc

Skill      XL: |  1  2  3  4  5  6 |
---------------+-------------------+-----
Ice Magic      | 1 2 |  2.6
Charms         | 3 |  3.6
Shields        | 1 |  1.6
Necromancy     | 1 2 |  2.2
Fighting       | 3 |  3.7
Dodging        | 2 |  2.3
Spellcasting   | 3 |  3.0
Maces & Staves | |  2.8

Action                   |  1- 3 |  4- 6 || total
-------------------------+-------+-------++-------
Melee: Mace              |   110 |    91 ||   201
       Tailslap          |    10 |    12 ||    22
 Cast: Infusion          |     1 |       ||     1
       Song of Slaying   |     1 |       ||     1
  Use: Potion            |       |     3 ||     3
       Scroll            |       |     1 ||     1
Armor: Skin              |    34 |    32 ||    66
Dodge: Dodged            |    76 |    62 ||   138
